Cogmind - Beta 12 @@@ ROGUE MODE // 2023.12.11 @ 23:38:33 Player: aperiodic Result: Destroyed by D-53 Grenadier with Mini Grenade Launcher Performance ------------- Evolutions (0) 0 Regions Visited (4) 800 Robots Destroyed (25) 125 Value Destroyed (394) 394 Prototype IDs (0) 0 Alien Tech Used (0) 0 Bonus (113) 113 TOTAL SCORE: 1432 Bonus ------- Follower Combat Kills 113 Cogmind --------- Core Integrity 0/250 Matter 290/300 Energy 98/100 System Corruption 1% Temperature Cool (0) Movement Core (50) Location -9/Mines Parts ------- > --- POWER (1) -------- (None) > --- PROPULSION (2) --- (None) > --- UTILITY (2) ------ (None) > --- WEAPON (2) ------- Katana > --- INVENTORY (5) ---- Light Fission Core Light Fission Core Light Treads Large Matter Pod (150) Light Assault Rifle Peak State ------------ > --- POWER ------------ Ion Engine > --- PROPULSION ------- Compact Wheel Compact Wheel > --- UTILITY ---------- High-capacity Storage Unit Seismic Detector > --- WEAPON ----------- Light Assault Rifle Light Assault Rifle > --- INVENTORY -------- Nuclear Core Light Fission Core Light Fission Core Light Treads Light Treads Light Treads Improved Heat Sink Large Matter Pod Structural Scanner Medium Laser Beam Cannon Light Assault Rifle Light Assault Rifle Light Assault Rifle Light Assault Rifle Light Assault Rifle Light Assault Rifle Mining Laser [Rating: 10] Favorites ----------- Power Ion Engine Engine Ion Engine Propulsion Compact Wheel Treads Light Treads Wheel Compact Wheel Utility Seismic Detector Device Seismic Detector Storage High-capacity Storage Unit Weapon Light Assault Rifle Energy Gun Small Laser Ballistic Gun Light Assault Rifle Slashing Weapon Katana Build | -11 -10 -10 -10 -9 ------- Run | Jun Mat Min Exi Min Slots Evolved . | . . . . . Power . | . . . . . Propulsion . | . . . . . Utility . | . . . . . Weapon . | . . . . . Parts Attached 29 | 7 11 7 2 2 Power 2 | 1 1 . . . Engine 2 | 1 1 . . . Core . | . . . . . Reactor . | . . . . . Propulsion 16 | 2 8 6 . . Treads 7 | . 4 3 . . Leg . | . . . . . Wheel 9 | 2 4 3 . . Hover . | . . . . . Flight . | . . . . . Utility 4 | 2 1 . . 1 Device 2 | 1 . . . 1 Storage 2 | 1 1 . . . Processor . | . . . . . Hackware . | . . . . . Protection . | . . . . . Artifact . | . . . . . Weapon 7 | 2 1 1 2 1 Energy Gun 1 | 1 . . . . Energy Cannon . | . . . . . Ballistic Gun 5 | 1 1 1 2 . Ballistic Cannon . | . . . . . Launcher . | . . . . . Special Weapon . | . . . . . Impact Weapon . | . . . . . Slashing Weapon 1 | . . . . 1 Piercing Weapon . | . . . . . Special Melee Weapon . | . . . . . Unidentified Prototypes . | . . . . . Parts Lost 6 | . . 2 . 4 Power 1 | . . . . 1 Propulsion 3 | . . 1 . 2 Utility 1 | . . . . 1 Weapon 1 | . . 1 . . Highest Loss Streak 3 | . . 2 . 3 To Critical Strikes . | . . . . . Average Slot Usage (%) 99 | . 100 99 100 96 Engine 13 | . 14 14 14 13 Treads 6 | . 14 3 . . Wheel 21 | . 13 24 28 27 Device 13 | . 14 14 14 12 Storage 13 | . 14 14 14 13 Ballistic Gun 27 | . 27 28 28 27 Naked Turns . | . . . . . Heaviest Build 49 | 14 49 49 48 48 Greatest Support 40 | 20 40 40 32 32 Greatest Overweight (x) 4 | . 4 4 1 2 Average Overweight (x) 1 | . 1 1 1 . Largest Inventory Capacity 20 | 8 20 20 20 20 Average Capacity 18 | 7 16 20 20 19 Most Carried 20 | 6 12 20 20 20 Average Carried 14 | 4 10 17 17 19 Final Capacity 20 | 8 20 20 20 5 Final Carried 20 | 6 12 20 18 5 Class Distribution -------------------- 59% | Mutant 40% | Scavenger-Mutant Dominant Class ---------------- Mutant | -10/Materials Scavenger-Mutant | -10/Mines Scavenger-Mutant | -10/Exiles Mutant | -9/Mines Resources | -11 -10 -10 -10 -9 ----------- Run | Jun Mat Min Exi Min Matter Collected 713 | 294 206 147 22 44 Remotely . | . . . . . Salvage Created 629 | 124 270 190 . 45 Parts 54 | 5 25 21 . 3 Haulers Intercepted . | . . . . . Recyclers Shooed 1 | . 1 . . . Parts Field Recycled . | . . . . . Retrieved Matter . | . . . . . Parts Self-Destructed . | . . . . . Prevented . | . . . . . Kills | -11 -10 -10 -10 -9 ------- Run | Jun Mat Min Exi Min Combat Hostiles Destroyed 21 | . 8 10 . 3 Guns 21 | . 8 10 . 3 Classes Destroyed 7 | 2 4 . . 1 Tunneler 1 | 1 . . . . Recycler 2 | 1 . 1 . . Operator 1 | . 1 . . . Watcher 1 | . 1 . . . Swarmer 15 | . 3 10 . 2 Grunt 5 | . 5 . . . Assembled 1 | . . . . 1 Best Kill Streak 3 | 2 3 3 . 2 Combat Bots Only 3 | . 3 3 . 2 Max Kills in Single Turn 2 | 1 1 2 . 1 Gunslinging 1 | . . 1 . . Exploded . | . . . . . Melee . | . . . . . Uniques/NPCs Destroyed . | . . . . . Combat | -11 -10 -10 -10 -9 -------- Run | Jun Mat Min Exi Min Damage Taken 854 | . 194 253 . 407 Core 251 | . 46 49 . 156 Absorbed by Shields . | . . . . . Core Remaining (%) 100 | 100 . . . . Volleys Fired 71 | 8 30 23 . 10 Largest 2 | 2 2 2 . 2 Hottest 60 | 60 40 40 . 40 Shots Fired 141 | 16 60 45 . 20 Gun 141 | 16 60 45 . 20 Cannon . | . . . . . Launcher . | . . . . . Special . | . . . . . Kinetic 133 | 8 60 45 . 20 Thermal 8 | 8 . . . . Explosive . | . . . . . Electromagnetic . | . . . . . Robot Hit Streak 10 | 10 10 5 . 6 Robot Miss Streak 4 | 1 4 3 . 3 Penetration Max . | . . . . . Secondary Targets 3 | . . 2 . 1 Max Gunslinging Chain 1 | . . 1 . 1 Shots Hit Robots 80 | 12 30 26 . 12 Core Hits 41 | 3 19 14 . 5 Critical Kills . | . . . . . Critical Parts Destroyed . | . . . . . Critical Strikes . | . . . . . Melee Attacks . | . . . . . Impact . | . . . . . Slashing . | . . . . . Piercing . | . . . . . Sneak Attacks . | . . . . . Combat Hostiles . | . . . . . Follow-up Attacks . | . . . . . Damage Inflicted 830 | 136 344 254 . 96 Guns 830 | 136 344 254 . 96 Cannons . | . . . . . Explosions . | . . . . . Melee . | . . . . . Ramming . | . . . . . Kinetic 774 | 80 344 254 . 96 Thermal 56 | 56 . . . . Explosive . | . . . . . Electromagnetic . | . . . . . Impact . | . . . . . Slashing . | . . . . . Piercing . | . . . . . Highest Corruption 1 | . . . . 1 Average Corruption 1 | . . . . 1 Corruption Purged . | . . . . . Corruption Blocked . | . . . . . Overload Shots . | . . . . . Overflow Damage . | . . . . . Projectiles . | . . . . . Explosions . | . . . . . Melee . | . . . . . Knockbacks . | . . . . . Impact . | . . . . . Kinetic . | . . . . . Secondary . | . . . . . Self-Inflicted Damage . | . . . . . Shots . | . . . . . Rammed . | . . . . . Targets Rammed . | . . . . . Kicked . | . . . . . Crushed . | . . . . . Highest Temperature 18 | . 18 . . 9 Average Temperature 8 | . 8 . . 9 Received Heat Transfer 60 | . 51 . . 9 Siege Activations . | . . . . . Robots Corrupted . | . . . . . Combat Hostiles . | . . . . . Parts Fried . | . . . . . Impact Corruptions . | . . . . . Robots Melted . | . . . . . Combat Hostiles . | . . . . . Parts Melted . | . . . . . Heat Transferred 125 | 125 . . . . Parts Sabotaged . | . . . . . Parts Stolen . | . . . . . Parts Stripped . | . . . . . Power Chain Reactions . | . . . . . Missiles Intercepted . | . . . . . Alert | -11 -10 -10 -10 -9 ------- Run | Jun Mat Min Exi Min Peak Influence 200 | 10 198 200 . 183 Initial 6 | . 6 . . . Average 79 | 2 53 102 . 139 Maximum Alert Level 1 | . . 1 . . Low Security (%) 96 | 100 100 89 . 100 Level 1 3 | . . 10 . . Level 2 . | . . . . . Level 3 . | . . . . . Level 4 . | . . . . . Level 5 . | . . . . . High Security . | . . . . . Max Security . | . . . . . Squads Dispatched 3 | . 3 . . . Investigation 1 | . 1 . . . Extermination . | . . . . . Reinforcement 2 | . 2 . . . Assault . | . . . . . Garrison . | . . . . . Intercept . | . . . . . Searches Triggered . | . . . . . Construction Impeded . | . . . . . Haulers Reinforced . | . . . . . Active Scanning Responses . | . . . . . Cargo Convoy Interrupts . | . . . . . Stealth | -11 -10 -10 -10 -9 --------- Run | Jun Mat Min Exi Min Distress Signals 3 | . 3 . . . Communications Jammed . | . . . . . Distress Signals . | . . . . . Times Spotted 54 | . 21 11 . 22 Peak Tracking Total 16 | . 4 3 . 16 Tactical Retreats 5 | . 3 1 . 1 Traps | -11 -10 -10 -10 -9 ------- Run | Jun Mat Min Exi Min Traps Triggered 1 | . 1 . . . Indirectly . | . . . . . Trap Hack Attempts . | . . . . . Triggered . | . . . . . Disarmed . | . . . . . Reprogrammed . | . . . . . Reused . | . . . . . Traps Extracted . | . . . . . Installed . | . . . . . Triggered . | . . . . . Machines | -11 -10 -10 -10 -9 ---------- Run | Jun Mat Min Exi Min Machines Disabled 1 | . . . . 1 Max in Single Turn . | . . . . . Machines Repaired . | . . . . . Machines Sabotaged . | . . . . . Overloaded Fab Kills . | . . . . . Hacking | -11 -10 -10 -10 -9 --------- Run | Jun Mat Min Exi Min Machines Accessed 8 | . 4 . 4 . Terminals 4 | . 4 . . . Fabricators . | . . . . . Repair Stations . | . . . . . Recycling Units . | . . . . . Scanalyzers . | . . . . . Garrison Access . | . . . . . Total Hacks 13 | . 9 . 4 . Successful 7 | . 3 . 4 . Failed 6 | . 6 . . . Catastrophic 1 | . 1 . . . Database Lockouts . | . . . . . Manual 3 | . 3 . . . Terminals 9 | . 9 . . . Fabricators . | . . . . . Repair Stations . | . . . . . Recycling Units . | . . . . . Scanalyzers . | . . . . . Garrison Access . | . . . . . Terminal Hacks 5 | . 1 . 4 . Record 4 | . . . 4 . Hauler Manifests 1 | . 1 . . . Fabricator Hacks . | . . . . . Repair Station Hacks . | . . . . . Recycling Unit Hacks . | . . . . . Scanalyzer . | . . . . . Garrison Access Hacks . | . . . . . Unauthorized Hacks 2 | . 2 . . . Terminals 2 | . 2 . . . Assimilate 1 | . 1 . . . Operators 1 | . 1 . . . Fabricators . | . . . . . Repair Stations . | . . . . . Recycling Units . | . . . . . Scanalyzers . | . . . . . Garrison Access . | . . . . . Data Cores Recovered . | . . . . . Used . | . . . . . Hacking Detections 4 | . 4 . . . Full Trace Events . | . . . . . Feedback Events . | . . . . . Feedback Blocked . | . . . . . Robot Schematics Acquired . | . . . . . Robots Built . | . . . . . Authchips . | . . . . . Time . | . . . . . Total Robot Build Rating . | . . . . . Part Schematics Acquired . | . . . . . Parts Built . | . . . . . Authchips . | . . . . . Time . | . . . . . Total Part Build Rating . | . . . . . Parts Repaired . | . . . . . Time . | . . . . . Parts Recycled . | . . . . . Recycled Matter . | . . . . . Retrieved Matter . | . . . . . Retrieved Components . | . . . . . Parts Scanalyzed . | . . . . . Part Schematics Acquired . | . . . . . Parts Damaged . | . . . . . Bothacking | -11 -10 -10 -10 -9 ------------ Run | Jun Mat Min Exi Min Used RIF Installer . | . . . . . Robots Hacked . | . . . . . Non-combat . | . . . . . Combat . | . . . . . Robot Hacks Applied . | . . . . . Relay Couplers Released . | . . . . . Fabnet Peak Effective % . | . . . . . Robots Rewired . | . . . . . Allies Hacked . | . . . . . Hacks Repelled . | . . . . . Allies | -11 -10 -10 -10 -9 -------- Run | Jun Mat Min Exi Min Total Allies 4 | . 1 3 . . Largest Group 3 | . 1 3 2 2 Highest-Rated Group 40 | . 10 40 32 32 Highest-Rated Ally 16 | . 10 16 16 16 Total Orders . | . . . . . Ally Attacks 29 | . . 10 . 19 Total Damage 264 | . . 74 . 190 Kills 8 | . . 2 . 6 Allies Corrupted . | . . . . . Allies Melted . | . . . . . Intel | -11 -10 -10 -10 -9 ------- Run | Jun Mat Min Exi Min Robot Analysis Total . | . . . . . Derelict Logs Recovered 2 | . . 1 . 1 Drone Launches . | . . . . . Drone Recoveries . | . . . . . Exploration | -11 -10 -10 -10 -9 ------------- Run | Jun Mat Min Exi Min Turns Passed 3310 | 110 1281 821 720 378 Spaces Moved 2196 | 89 557 629 618 303 Core 12 | 5 . . . 7 Treads 115 | . 93 22 . . Legs . | . . . . . Wheels 2069 | 84 464 607 618 296 Hover . | . . . . . Flight . | . . . . . Fastest Speed 50 | 50 80 105 115 50 Average Speed 114 | 78 118 117 115 113 Slowest Speed 240 | 80 240 240 115 130 Overloaded Moves . | . . . . . Propulsion Burnouts . | . . . . . Robots Hopped . | . . . . . Cave-ins Triggered . | . . . . . Exploration Rate (%) 69 | 4 80 98 92 74 Regions Visited 4 Branch Regions 3 Pre-discovered Areas . | . . . . . Known Exits Taken . | . . . . . Unknown Exits Taken 4 | 1 1 1 1 . Scrap Searched 5 | . . 3 . 2 Spaces Dug . | . . . . . Terrain Destroyed . | . . . . . Melee . | . . . . . Projectile . | . . . . . AOE . | . . . . . Terrain Rammed . | . . . . . Walls Destroyed . | . . . . . Machines Disabled . | . . . . . Actions | -11 -10 -10 -10 -9 --------- Run | Jun Mat Min Exi Min Total 2853 | 109 1121 673 629 321 Wait 518 | . 512 5 . 1 Move 2192 | 88 556 628 617 303 Hop . | . . . . . Pick Up 30 | 6 7 10 4 3 Fast Attach 9 | 7 1 . . 1 Attach 4 | . 1 2 . 1 Detach 1 | . 1 . . . Swap 16 | . 9 5 2 . Drop 12 | . 4 . 6 2 Fire 71 | 8 30 23 . 10 Melee . | . . . . . Ram . | . . . . . Kick . | . . . . . Crush . | . . . . . Escape Stasis . | . . . . . Rewire . | . . . . . Trap . | . . . . . Miscellaneous . | . . . . . Route ------- -11/Junkyard -10/Materials (discovered 4 exits: [*Mat x3] / [*Min]) -10/Mines (discovered 3 exits: [*Mat x2] / *Exi) -10/Exiles -9/Mines (discovered 2 exits: [*Mat x2]) History --------- Turn | Location | Event 24 | -11/Junkyard | Discovered new exit (range 15) 111 | -11/Junkyard | Entered Materials 318 | -10/Materials | Build established: Mutant 340 | -10/Materials | Discovered new exit (range 15) 519 | -10/Materials | Discovered new exit (range 5) 1290 | -10/Materials | Discovered new exit (range 16) 1385 | -10/Materials | Discovered new exit (range 7) 1392 | -10/Materials | Entered Mines 1540 | -10/Mines | Discovered new exit (range 13) 1566 | -10/Mines | Assisted by bots powering up and referring to "LRC-V3" 1738 | -10/Mines | Discovered new exit (range 15) 2048 | -10/Mines | Build established: Scavenger-Mutant 2203 | -10/Mines | Deemed a non-threat by the Exiles lab entrance 2205 | -10/Mines | Discovered new exit (range 5) 2213 | -10/Mines | Entered Exiles 2213 | -10/Exiles | Found Exiles lab abandoned 2213 | -10/Exiles | Accompanied by 2 allies 2916 | -10/Exiles | Discovered new exit (range 15) 2933 | -10/Exiles | Entered Mines 2933 | -9/Mines | Accompanied by 2 allies 2996 | -9/Mines | Learned Materials security intel 3008 | -9/Mines | A weapon hastily lodged in a ceiling crevice suddenly fell to the ground 3119 | -9/Mines | Discovered new exit (range 13) 3125 | -9/Mines | Discovered new exit (range 8) 3267 | -9/Mines | Assembled infested the area 3272 | -9/Mines | Assisted by a Guerilla fighting off Assembled 3296 | -9/Mines | Core integrity fell below 50% 3306 | -9/Mines | Released all parts (4) 3311 | -9/Mines | Destroyed by D-53 Grenadier with Mini Grenade Launcher Last Messages --------------- 03303_ D-53 Grenadier unfolds itself. 03305_ as-91800 destroyed. 03305_ as-24124 destroyed. 03305_ as-77790 destroyed. 03305_ as-04749 destroyed. 03305_ Ion Engine destroyed. 03305_ as-60015 destroyed. 03305_ as-40188 destroyed. 03305_ Com. Wheel destroyed. 03306_ Dropped Katana. 03306_ Released Structural Scanner. 03306_ Released Lgt. Assault Rifle. 03306_ Released Hcp. Storage Unit. 03306_ Released Lgt. Assault Rifle. 03306_ Acquired Katana. 03308_ as-08771 destroyed. 03308_ as-70741 destroyed. 03309_ The unstable cave ceiling collapses. 03309_ as-00853 destroyed. 03309_ as-72053 destroyed. Map ----- +----------------------------------------------------+ | ??????????????# ######## ## ### ### ##??### | | ??????????????# *%] #### ###????## | | ??????????????# #######[| #######?## ###????## | | ??????????????# ####### #???????### ! ######### | | ??????????????# ##????????###[% ######## | | ??????????????# #??????????##!% | | ??????????????# ### ##??????????## ####### | | ????????####### #?#######???????????## ####### | | ????????# #???????????????????### ######## | | ????????# #??????????????????####= #### | | ????????# #####?????????????#########%%### | | ????????#####?????????????????### ### ==*######## | | ???????????????????????????##### [%%##??#### | | ??????????????????????????### *###?????? | | ?????????????????????????### ###?????? | | ?????????????????????????## ## ###??????? | | ?????????????????????????## ###### ####??????? | | ?????????????????????????# ??#########????????? | | ?????????????????????????? ###???#####?????????? | | ?????????????????????????? r###??##?????????????? | | ????????????????????????## ### ##????????????? | | ???????????????????????### #????????????? | | ?????????????????????#### u #????????????? | | ???????????????????##### #?????????????? | | ???????????????????## #??????????????? | | ???????????????????# @ #???????????????? | | ???????????????????# #####????????????? | | ???????????????????# t############??????????? | | ???????????????????## d ####### ####??????????? | | ????????????????????# d ### ??????????# | | ????????????????????###[[ # ##??????????## | | ????????????????????##=![[ ##??????## ### | | ???????????????????###[ ![ ##? ##??????## ### | | ???????????????????##*]![= ###??????????## | | ???????????????????###|[[ ###???????????###### | | ???????????????????### ##???????????###### | | ????????????????????## #??????????????### | | ????????????????????## ##?????????????## | | ????????????????????### ##?????? ??????## | | ????????????????????### #?????? ###???### | | ???????????????????##### ##?????? ####??#### | | ???????????? ???#### # ## ###????# ##???### | | ????????????## ###### #### ####???## ##????## | | ???????????###$##### ## ###???## ##?????# | | ??????????#### ###??## ##??#### | | ??????????###% """ ####?## ##??#### | | ???????##### %% """ ###?## ##??## | | ???????## !%! """ ##?## ##??## | | ???? %%## ##?## ##??## | | ???? % #### ##?## ###### | +----------------------------------------------------+ Best States ------------- Heat Dissipation 25 Energy Generation 10 Energy Capacity 250 Matter Stores 300 Matter Capacity 300 Sight Range 16 Terrain Scan Density 10 Evasion (%) 50 Recoil Reduction 2 Item Schematics ----------------- None Robot Schematics ------------------ None Fabricated ------------ Nothing Alien Tech Used ----------------- None Achievements -------------- None Challenges ------------ None Game ------ Seed LatentUltimateMegatreads Manual? 0 Play Time 00:23:02 Cumulative 682.4 hours Start 2023.12.11 @ 23:16:23 End 2023.12.11 @ 23:38:33 Sessions 1 Manual Loads 0 Difficulty Rogue Special Mode None Game No. 223 Rogue 219 Adventurer 4 Explorer 0 Win Type - Total 21 Types 9/2/6/0/0/0/2/2/0 Lore% 87 Gallery% 89 Achievement% 78 Wizard Run 0 Options --------- ASCII 1 Keyboard 0 Movement Arrows Keybinds 0 Fullscreen 1 Font 18/SmallcapsGlow Map View 76x50 Tactical HUD 1 Map Filters NONE Filters NONE Steam 1 RUN: 1090b370-0b8c-412f-8029-12c4580a86c2